 Dungeon Crawl Stone Soup version 0.27.1-33-g824d729ab1 (webtiles) character file.

Game seed: 396488075144059507

40 zeram the Sneak (level 3, -1/24 HPs)
             Began as an Octopode Brigand on Dec 25, 2021.
             Splashed by a jelly's acid (9 damage)
             ... on level 3 of the Dungeon.
             The game lasted 00:01:41 (1724 turns).

zeram the Sneak (Octopode Brigand)                  Turns: 1724, Time: 00:01:42

Health: -1/24      AC: -7    Str: 10    XL:     3   Next: 50%
Magic:  3/3        EV: 12    Int: 14    God:
Gold:   87         SH:  0    Dex: 13    Spells: 2/2 levels left

rFire    . . .     SeeInvis .   a - +2 dagger
rCold    . . .     Faith    .   (no shield)
rNeg     . . .     Spirit   .   (helmet restricted)
rPois    .         Reflect  .   (no amulet)
rElec    .         Harm     .   (no ring)
rCorr    .         Rampage  .   (no ring)
Will     .....                  (no ring)
Stlth    ++++......             (no ring)
HPRegen  0.08/turn              (no ring)
MPRegen  0.08/turn              (no ring)
                                (no ring)
                                (no ring)

@: corroded
A: almost no armour, amphibious, 8 rings, camouflage 1, gelatinous body 1,
(nimble swimmer 1), tentacles
a: no special abilities


You were on level 3 of the Dungeon.
You visited 1 branch of the dungeon, and saw 3 of its levels.

You collected 87 gold pieces.

Inventory:

Hand Weapons
 a - a +2 dagger (weapon)
Missiles
 b - 8 poisoned darts (quivered)
 c - 2 curare-tipped darts
Wands
 h - a wand of acid (12)
Scrolls
 f - a scroll of identify
Potions
 d - a potion of degeneration
 e - a potion of ambrosia
 g - a potion of flight {unknown}
 i - a potion of cancellation {unknown}


   Skills:
 - Level 2.0 Fighting
 - Level 2.0 Short Blades
 - Level 2.0 Throwing
 - Level 1.0 Dodging
 + Level 7.1 Stealth


You had 2 spell levels left.
You didn't know any spells.
Your spell library contained the following spells:

 Spells                   Type           Power      Damage    Failure   Level
 Corpse Rot               Necr/Air       N/A        N/A       41%         2
 Dispel Undead            Necr           0%         3d6       96%         4
 Death Channel            Necr           0%         N/A       100%        6


Dungeon Overview and Level Annotations

Branches:
Dungeon (3/15)

Altars:

Shops:
D:1 [


Innate Abilities, Weirdness & Mutations

You cannot wear most types of armour.
You are amphibious.
You can wear up to eight rings at the same time.
Your skin changes colour to match your surroundings (Stealth+).
Your rubbery body absorbs attacks. (AC +1, EV +1)
((You are camouflaged near water. (Stealth+)))
You have tentacles for arms and can constrict up to eight enemies at once.


Message History

There are monsters nearby!
There are monsters nearby!
There are monsters nearby!
A hobgoblin comes into view.
You closely miss the frilled lizard.
The ball python hisses angrily.
The hobgoblin shouts!
You grab the frilled lizard. You constrict the frilled lizard.
The frilled lizard bites you.
You hit the frilled lizard.
You kill the frilled lizard!
The hobgoblin closely misses you.
You see here a frilled lizard corpse.
You hit the hobgoblin. You grab the hobgoblin. You squeeze the hobgoblin.
You kill the hobgoblin!
A hobgoblin comes into view.
You barely miss the ball python.
The hobgoblin shouts!
You grab the ball python. You constrict the ball python.
The ball python closely misses you. x2
You hit the ball python.
You kill the ball python!
A jelly comes into view.
The hobgoblin barely misses you.
You hit the hobgoblin. You grab the hobgoblin.
The hobgoblin is moderately wounded.
You constrict the hobgoblin, but do no damage.
The hobgoblin hits you.
You hit the hobgoblin but do no damage. You squeeze the hobgoblin.
The hobgoblin is almost dead.
You constrict the hobgoblin.
You kill the hobgoblin!
You hit the jelly.
Your tentacles burn!
The jelly is lightly wounded.
You hit the jelly. The acid corrodes you!
Your tentacles burn!
The jelly is moderately wounded.
The jelly closely misses you.
You hit the jelly.
Your tentacles burn!
The jelly is moderately wounded.
The jelly hits you. The acid corrodes you!
You are splashed with acid!
You die...

....# #.# #.##.###.#
#### ##+## #.##.###>##
##...## #.........#
##.....## #.##.###..# #
##.......###.##.# ####
####.........##...### #
...'.........'.####.#..#
####........####.#...# #
##..........†@J.#
##.....#####.#...#
##...######## .#..#
##........# # #
#.######.#
#######.######.##
.................
######...#####.##
#...<.#


You could see a jelly.

Vanquished Creatures
  An adder (D:2)
  3 ball pythons
  A bat (D:2)
  5 endoplasms
  2 giant cockroaches (D:2)
  3 goblins (D:1)
  4 hobgoblins
  A kobold (D:1)
  2 quokkas (D:1)
  4 frilled lizards
  A rat (D:2)
27 creatures vanquished.

Notes
Turn   | Place    | Note
-------+----------+-------------------------------------------
     0 | D:1      | zeram the Octopode Brigand began the quest for the Orb.
     0 | D:1      | Reached XP level 1. HP: 14/14 MP: 1/1
     2 | D:1      | Noticed a felid
     2 | D:1      | Noticed a demonspawn
     4 | D:1      | Noticed a draconian
     6 | D:1      | Noticed a ghoul
     6 | D:1      | Noticed a vine stalker
     8 | D:1      | Noticed an ogre
     8 | D:1      | Noticed a djinni
    10 | D:1      | Noticed a minotaur
    10 | D:1      | Noticed a palentonga
    12 | D:1      | Noticed a demigod
    12 | D:1      | Noticed a vampire
    14 | D:1      | Noticed a gargoyle
    14 | D:1      | Noticed a tengu
    16 | D:1      | Noticed an octopode
    16 | D:1      | Noticed a naga
    18 | D:1      | Noticed an elf
    20 | D:1      | Noticed a dwarf
    20 | D:1      | Noticed a formicid
    22 | D:1      | Noticed a human
    22 | D:1      | Noticed a troll
    24 | D:1      | Noticed a spriggan
    24 | D:1      | Noticed a merfolk
    26 | D:1      | Noticed a barachi
   271 | D:1      | Found a faded altar of an unknown god.
   538 | D:1      | Reached XP level 2. HP: 19/19 MP: 2/2
   541 | D:1      | Reached skill level 6 in Stealth
   559 | D:1      | Found Maahoic's Armour Shop.
  1233 | D:2      | Reached XP level 3. HP: 24/24 MP: 3/3
  1355 | D:2      | Reached skill level 7 in Stealth
  1724 | D:3      | Splashed by a jelly's acid

Illustrated notes

Levels and vault maps discovered:
D:1:      kb_arrival_jail, layout_basic, serial_shops, shop,
          hellmonk_ecumenical_altar_arch_garden
D:2:      layout_rooms
D:3:      minmay_spotlight, layout_loops_corners,
          mainiacjoe_overflow_surrounded_room, gammafunk_temple_overflow_pools

Skill      XL: |  1  2  3 |
---------------+----------+-----
Stealth        | 6 7 |  7.1
Fighting       | |  2.0
Short Blades   | |  2.0
Throwing       | |  2.0
Dodging        | |  1.0

Action                   || total
-------------------------++-------
Melee: Dagger            ||    46
       Constrict         ||    13
       Tentacles         ||     6
  Use: Scroll            ||     3
 Stab: Sleeping          ||    12
Armor: Skin              ||     1
Dodge: Dodged            ||    17
